Map: 锈化山巅-天梯版

Players

iGXY (XY) - Winner!

  • Race: Terran Terran
  • League: Master

iGMacSed (MacSed)

  • Race: Protoss Protoss
  • League: Master

Event: DreamHack SC2 Masters 2021 Winter

VOD

Have the link to the VOD?

Description

Time

  • Played on: Oct. 7, 2021, 7:27 a.m.
  • Length: 9:40

All games in this series

Show
View Real Time Build Order
Export as new Build Order

iGXY Terran - Winner!

Build Orders:  

Get SALT Encoding   

  12  0:00  SCV  
  13  0:12  SCV  
  14  0:16  Supply Depot  
  14  0:24  SCV  
  15  0:38  SCV  
  15  0:39  Barracks  
  16  0:43  Refinery  
  16  0:50  SCV  
  17  1:02  SCV  
  18  1:15  SCV  
  19  1:19  Supply Depot  
  19  1:28  Orbital Command  
  19  1:29  Marine  
  20  1:49  Command Center  
  20  1:52  Barracks Reactor  
  20  1:55  SCV  
  21  2:06  Factory  
  21  2:08  SCV  
  22  2:14  Refinery  
  22  2:20  SCV  
  23  2:28  Marine x2  
  25  2:32  SCV  
  26  2:44  SCV  
  26  2:46  Marine x2  
  26  2:51  Starport, Factory Tech Lab  
  29  2:56  SCV  
  30  3:01  Orbital Command  
  30  3:04  Marine x2  
  32  3:08  SCV  
  33  3:14  Siege Tank  
  36  3:20  SCV  
  36  3:22  Marine x2  
  39  3:27  SCV  
  39  3:29  Medivac  
  39  3:32  Supply Depot  
  42  3:35  SCV  
  42  3:39  SCV, Marine x2  
  46  3:54  SCV  
  46  3:55  Supply Depot  
  47  3:57  Marine x2  
  49  4:03  SCV  
  49  4:06  SCV  
  50  4:11  Siege Tank  
  50  4:15  SCV, Marine  
  50  4:16  Marine  
  51  4:33  Marine  
  51  4:35  SCV x2  
  54  4:42  Marine  
  54  4:43  Siege Tank  
  57  4:45  Starport Tech Lab  
  57  4:46  Barracks  
  57  4:47  SCV x2  
  57  4:48  Barracks  
  59  4:56  Marine  
  59  4:59  SCV x2  
  62  5:02  Supply Depot  
  62  5:03  Engineering Bay  
  62  5:07  Marine  
  62  5:11  SCV  
  62  5:13  Marine  
  60  5:16  Siege Tank  
  60  5:19  SCV  
  62  5:23  SCV  
  62  5:25  Marine  
  62  5:31  SCV, Marine  
  62  5:32  Raven  
  64  5:35  SCV  
  64  5:38  Bunker  
  64  5:42  Marine  
  65  5:43  SCV, Marine  
  65  5:47  Missile Turret, Refinery x2  
  65  5:48  SCV  
  68  5:52  Siege Tank  
  68  5:56  SCV  
  68  5:58  Marine  
  68  6:00  SCV  
  68  6:02  Marine  
  70  6:06  Barracks Tech Lab  
  70  6:07  Barracks Tech Lab  
  70  6:08  SCV  
  70  6:10  Barracks  
  69  6:11  Barracks  
  69  6:12  SCV  
  69  6:14  Terran Infantry Weapons Level 1  
  70  6:21  SCV, Marine x2  
  70  6:22  Starport Reactor  
  70  6:24  Marine  
  70  6:25  Supply Depot, Marine  
  75  6:26  SCV  
  76  6:33  SCV  
  76  6:37  Stimpack, Combat Shield  
  76  6:39  SCV  
  78  6:42  Supply Depot  
  78  6:46  Marine x4  
  83  6:47  SCV  
  83  6:49  Supply Depot  
  83  6:57  Siege Tank  
  83  7:00  Barracks Reactor  
  86  7:04  Marine x3  
  86  7:05  Marine  
  90  7:08  Supply Depot  
  90  7:10  Supply Depot  
  89  7:16  SCV  
  89  7:22  Marine  
  95  7:23  Marauder x2, Marine  
  95  7:25  Medivac  
  95  7:29  Siege Tank, Marine  
  100  7:37  Medivac  
  100  7:39  Command Center  
  100  7:40  Supply Depot, Marine x2  
  100  7:41  Marine  
  109  7:44  Marauder x2, Supply Depot, SCV  
  110  7:52  Marine  
  110  7:56  Concussive Shells  
  110  7:58  Marine  
  114  8:01  Siege Tank  
  121  8:05  Marauder x2  
  121  8:06  Marine  
  121  8:07  Supply Depot  
  121  8:12  SCV  
  121  8:16  Marauder, Marine  
  121  8:17  Marine  
  121  8:19  Medivac x2  
  120  8:27  Marauder  
  120  8:29  Marauder, Marine  
  120  8:33  SCV x2  
  125  8:34  Marine  
  125  8:37  Marauder  
  125  8:40  Marine  
  129  8:41  Marine  
  129  8:45  SCV  
  129  8:46  Siege Tank  
  129  8:47  Marine  
  137  8:48  Marauder  
  137  8:56  Orbital Command  
  137  8:57  SCV, Refinery  
  135  9:05  Marauder x2, Marine x2  
  138  9:11  Marauder, Marine  
  138  9:13  Marine  
  139  9:26  SCV  
Show
View Real Time Build Order
Export as new Build Order

iGMacSed Protoss 

Build Orders: 1 Gate Expand, Blink Stalkers 

Get SALT Encoding   

  12  0:00  Probe  
  13  0:12  Probe  
  14  0:17  Pylon  
  14  0:24  Probe (Chrono Boost)  
  16  0:37  Gateway, Probe (Chrono Boost)  
  16  0:43  Probe (Chrono Boost)  
  16  0:46  Assimilator  
  17  0:51  Probe  
  18  1:03  Probe  
  19  1:15  Probe  
  20  1:24  Cybernetics Core  
  20  1:32  Nexus  
  20  1:40  Pylon  
  20  1:43  Probe  
  21  1:48  Assimilator  
  21  1:55  Probe  
  21  1:58  Adept (Chrono Boost)  
  18  2:01  Warp Gate  
  23  2:07  Probe  
  24  2:18  Adept (Chrono Boost)  
  24  2:19  Probe  
  27  2:31  Probe  
  27  2:32  Twilight Council  
  28  2:40  Adept  
  28  2:43  Probe  
  31  2:46  Probe  
  32  2:53  Gateway  
  32  2:55  Probe  
  33  2:58  Probe  
  33  3:03  Blink (Chrono Boost)  
  34  3:07  Probe  
  34  3:10  Probe  
  36  3:19  Probe  
  37  3:21  Pylon  
  37  3:23  Probe  
  37  3:26  Robotics Facility  
  38  3:31  Probe  
  39  3:35  Probe  
  40  3:42  Gateway  
  40  3:44  Probe  
  40  3:47  Probe  
  42  3:51  Stalker x2  
  46  3:56  Probe  
  46  3:59  Probe  
  48  4:08  Probe  
  49  4:10  Shield Battery  
  51  4:17  Stalker  
  53  4:27  Stalker  
  53  4:28  Immortal (Chrono Boost), Probe  
  43  4:33  Pylon  
  43  4:36  Probe  
  43  4:43  Pylon  
  43  4:48  Probe, Pylon  
  44  4:52  Stalker  
  44  4:59  Probe  
  47  5:12  Probe  
  47  5:14  Probe  
  45  5:16  Immortal (Chrono Boost), Stalker  
  48  5:24  Probe  
  48  5:25  Gateway  
  45  5:33  Probe  
  46  5:36  Shield Battery  
  46  5:40  Shield Battery  
  46  5:42  Stalker  
  47  5:44  Probe  
  47  5:46  Probe  
  49  5:56  Probe  
  50  5:58  Assimilator, Probe  
  50  6:00  Assimilator  
  50  6:01  Immortal (Chrono Boost)  
  51  6:06  Gateway  
  51  6:09  Probe  
  52  6:11  Stalker  
  52  6:12  Probe  
  55  6:21  Probe  
  55  6:24  Stalker  
  55  6:25  Probe  
  59  6:33  Observer, Probe  
  59  6:35  Robotics Bay  
  59  6:37  Probe, Forge  
  62  6:41  Charge  
  62  6:51  Nexus  
  62  6:57  Stalker x2  
  66  7:03  Stalker  
  68  7:22  Stalker x2  
  68  7:26  Pylon  
  68  7:31  Pylon  
  68  7:33  Pylon  
  68  7:35  Pylon  
  66  7:41  Colossus (Chrono Boost)  
  66  7:45  Stalker x2  
  66  7:46  Nexus  
  66  7:50  Zealot  
  77  7:57  Gateway  
  77  8:11  Zealot x2  
  81  8:16  Zealot  
  83  8:21  Colossus (Chrono Boost)  
  83  8:22  Gateway  
  83  8:34  Gateway  
  83  8:38  Zealot  
  83  8:39  Gateway, Sentry  
  83  8:40  Gateway  
  87  8:43  Pylon  
  87  8:49  Zealot  
  87  8:52  Pylon  
  89  8:58  Pylon  
  91  9:12  Zealot x3  
  91  9:14  Zealot  
  93  9:21  Zealot  
  69  9:34  Zealot x6  

Tags
 
Add a new tag
Caveats
  • Supply blocks, unpowered buildings, or Contaminate may cause inaccurate times.
  • Supply counts are checked every 10 seconds.